 Dungeon Crawl Stone Soup version 0.19.1 (webtiles) character file.

95 Apert the Chopper (level 4, 0/61 HPs)
             Began as a Minotaur Berserker on Dec 21, 2016.
             Was a Believer of Trog.
             Slain by a wight
             ... wielding a +4 great sword
              (5 damage)
             ... on level 4 of the Dungeon.
             The game lasted 00:05:15 (2392 turns).

Apert the Chopper (Minotaur Berserker)              Turns: 2392, Time: 00:05:16

Health: 0/61       AC:  6    Str: 28    XL:     4   Next: 39%
Magic:  3/3        EV: 11    Int:  4    God:    Trog [**....]
Gold:   139        SH:  2    Dex:  9    Spells: 0 memorised, 3 levels left

rFire  + . .     SeeInvis .     a - +0 hand axe
rCold  . . .     Gourm    .     j - +2 leather armour {rF+}
rNeg   . . .     Faith    +     f - +0 buckler
rPois  .         Spirit   .     (helmet restricted)
rElec  .         Reflect  .     (no cloak)
rCorr  .         Harm     .     B - +0 pair of gloves
MR     .....                    (no boots)
Stlth  ..........               m - amulet of faith
                                (no ring)
                                (no ring)

@: berserking, drained, very quick
A: retaliatory headbutt, horns 2
a: Berserk, Trog's Hand, Burn Spellbooks, Renounce Religion


You were on level 4 of the Dungeon.
You worshipped Trog.
Trog was pleased with you.
You were not hungry.

You visited 1 branch of the dungeon, and saw 4 of its levels.

You collected 139 gold pieces.

Inventory:

Hand Weapons
 a - a +0 hand axe (weapon)
Armour
 b - a +0 animal skin
 f - a +0 buckler (worn)
 j - a +2 leather armour of fire resistance (worn)
 l - a +0 scale mail
 r - a +0 plate armour
 B - a +0 pair of gloves (worn)
Jewellery
 m - an amulet of faith (around neck)
Wands
 y - a wand of disintegration (6/24)
Scrolls
 d - 3 scrolls of remove curse {unknown}
 g - 4 scrolls of identify {unknown}
 h - 2 scrolls of amnesia {unknown}
 n - a scroll of magic mapping {unknown}
 u - a scroll of blinking {unknown}
 z - a scroll of recharging {unknown}
Potions
 e - 4 potions of curing {unknown}
 k - 2 potions of flight {unknown}
 p - 2 potions of heal wounds {unknown}
 q - a potion of resistance {unknown}
 s - a potion of berserk rage {unknown}
 t - a potion of haste {unknown}
 v - 2 potions of might {unknown}
 x - a potion of invisibility {unknown}
Comestibles
 c - 2 bread rations
 i - a chunk of flesh
 o - a royal jelly
 w - 4 meat rations
 A - 3 fruits


   Skills:
 + Level 4.6(3.5) Fighting
 + Level 5.0(3.9) Axes
 + Level 2.7(1.7) Armour
 + Level 2.9(1.9) Dodging
 + Level 0.2(0.0) Shields


You had 3 spell levels left.
You didn't know any spells.

Dungeon Overview and Level Annotations

Branches:
Dungeon (4/15)
 Temple: D:4-7

Altars:
Elyvilon
Hepliaklqana
Nemelex Xobeh
Okawaru
Qazlal
Sif Muna


Innate Abilities, Weirdness & Mutations

You reflexively headbutt those who attack you in melee.
You have a pair of horns on your head.


Message History

A wight comes into view.
It is wielding an enchanted great sword.
The wight hits you with an enchanted great sword!
You feel drained.
Found a cyan potion.
There is an open door here.
You hit the wight.
The wight is moderately damaged.
Your shield prevents you from hitting the wight.
You closely miss the wight. The wight hits you with a war axe.
You feel drained.
The wight hits you with an enchanted long sword.
The wight completely misses you.
A red film seems to cover your vision as you go berserk!
You feel yourself moving faster!
You feel mighty!
You feel a lot more hungry. The wight hits you with a war axe.
The wight hits you with an enchanted long sword.
The wight hits you with an enchanted great sword!
* * * LOW HITPOINT WARNING * * *
You feel drained.
You die...

#....#..### # #....#....
#. ##.#.#..# #.###
#.#.#..# #.... #..<...#
#....######...#
#.............#
##..z#######..# #
#...z@.......># .#
#.!.z#.......######.#
#....#..............##
.......#.......##.......
.......#.......##.......
.......#................
#.#.####................
#.#. #................
##...............


You could see 3 wights.

Vanquished Creatures
  3 adders (D:2)
  2 worms
  3 dart slugs
  2 leopard geckos
  4 orcs (D:3)
  7 bats
  6 goblins
  2 hobgoblins
  2 jackals (D:1)
  9 kobolds
  3 quokkas
  2 frilled lizards
  A jackal skeleton (D:4)
  6 rats
52 creatures vanquished.

Notes
Turn   | Place    | Note
-------+----------+-------------------------------------------
     0 | D:1      | Apert the Minotaur Berserker began the quest for the Orb.
     0 | D:1      | Reached XP level 1. HP: 19/19 MP: 0/0
   187 | D:1      | Reached XP level 2. HP: 27/27 MP: 1/1
   800 | D:2      | Found a sparkling altar of Nemelex Xobeh.
   811 | D:2      | Reached skill level 4 in Axes
   869 | D:2      | Reached XP level 3. HP: 17/33 MP: 2/2
  1128 | D:2      | Found a white marble altar of Elyvilon.
  1146 | D:2      | Found an iron altar of Okawaru.
  1292 | D:2      | Reached ** piety under Trog
  1329 | D:2      | Found a faded altar of an unknown god.
  1663 | D:2      | Found a stormy altar of Qazlal.
  1663 | D:2      | Found a deep blue altar of Sif Muna.
  1668 | D:2      | Found a faded altar of an unknown god.
  1672 | D:2      | Found a faded altar of an unknown god.
  1674 | D:2      | Found a faded altar of an unknown god.
  1760 | D:3      | Found a hazy altar of Hepliaklqana.
  1763 | D:3      | Reached XP level 4. HP: 34/41 MP: 3/3
  2030 | D:3      | Reached skill level 5 in Axes
  2392 | D:4      | Slain by a wight

Skill      XL: |  1  2  3  4 |
---------------+-------------+-----
Fighting       | 4 |  4.6
Axes           | 4 5 |  5.0
Armour         | |  2.7
Dodging        | |  2.9
Shields        | |  0.2

Action                   |  1- 3 |  4- 6 || total
-------------------------+-------+-------++-------
Melee: Hand axe          |    62 |    35 ||    97
       Headbutt          |     5 |     7 ||    12
Invok: Burn Spellbooks   |       |     1 ||     1
       Berserk           |       |     1 ||     1
  Eat: Chunk             |     3 |     2 ||     5
Armor: Animal skin       |     3 |       ||     3
       Leather armour    |    17 |    10 ||    27
Dodge: Dodged            |    53 |    10 ||    63
Block: Buckler           |     3 |     6 ||     9
